Cogmind - Beta 15 @@@ ROGUE MODE // 2025.06.11 @ 17:36:02 Player: alice_fexa Result: Self-destructed Performance ------------- Evolutions (8) 4000 Regions Visited (20) 4000 Robots Destroyed (270) 1350 Value Destroyed (11090) 11090 Prototype IDs (138) 2760 Alien Tech Used (1) 200 Bonus (5314) 5314 TOTAL SCORE: 28714 Bonus ------- High Alert Combat Kills 3825 Follower Combat Kills 238 Registered with UFD 300 Met Optimus in HQ 500 Met Zhirov 300 Met Optimus at Protoforge 1000 Friendly Fire -849 Cogmind --------- Core Integrity 1038/1450 Matter 300/300 Energy 346/350 System Corruption 1% Temperature Cool (8) Movement Flying (32) Location -2/Protoforge Parts ------- > --- POWER (2) -------- Improved Quantum Reactor > --- PROPULSION (7) --- Impulse Thruster Array Impulse Thruster Array Impulse Thruster Array Cooled Q-thruster > --- UTILITY (12) ----- Medium Storage Unit Structural Scanner Plexus Tether Experimental Optical Array Advanced Signal Interpreter Experimental Core Analyzer Improved Armor Integrity Analyzer Experimental Reaction Control System Experimental Cloaking Device Centrium Light Armor Plating Centrium Light Armor Plating > --- WEAPON (2) ------- Mini Smartbomb Launcher Experimental Jetlance > --- INVENTORY (10) --- UFD Drillbomb Peak State ------------ > --- POWER ------------ Improved Quantum Reactor > --- PROPULSION ------- Impulse Thruster Array Impulse Thruster Array Impulse Thruster Array Cooled Q-thruster > --- UTILITY ---------- Medium Storage Unit Structural Scanner Plexus Tether Experimental Optical Array Long-range Sensor Array Advanced Signal Interpreter Experimental Core Analyzer Improved Armor Integrity Analyzer Experimental Reaction Control System Experimental Cloaking Device Centrium Light Armor Plating Centrium Medium Armor Plating > --- WEAPON ----------- Mini Smartbomb Launcher Experimental Jetlance > --- INVENTORY -------- UFD Drillbomb [Rating: 183] Favorites ----------- Power Micro Antimatter Reactor Engine Makeshift Power Source Power Core Micro Fission Core Reactor Micro Antimatter Reactor Propulsion Light Treads Treads Light Treads Flight Unit Improved VTOL Module Utility Medium Storage Unit Device Long-range Sensor Array Storage Medium Storage Unit Processor Enhanced Optical Array Hackware Hacking Suite Protection Layered Medium Armor Plating Weapon Power Sword Energy Gun Improved Medium Laser Energy Cannon Advanced Beam Cannon Ballistic Gun Assault Rifle Launcher Mini Smartbomb Launcher Special Weapon Improved Remote Datajack Slashing Weapon Power Sword Piercing Weapon Lance Special Melee Weapon Improved Datajack Build | -11 -10 -10 -9 -9 -8 -7 -7 -7 -7 -5 -5 -5 -5 -4 -4 -4 -3 -2 -2 -2 ------- Run | Yrd Mat Min Mat Min Mat Fac Sto Rec Scr Fac Upp Upp Zhi Pro Fac Arm Res Res Qua Frg Slots Evolved 16 | . . . 2 . 2 2 . . . 4 . . . . 2 . 2 2 . . Power 1 | . . . . . . . . . . 1 . . . . . . . . . . Propulsion 5 | . . . 1 . 1 1 . . . 1 . . . . . . 1 . . . Utility 10 | . . . 1 . 1 1 . . . 2 . . . . 2 . 1 2 . . Weapon . | . . . . . . . . . . . . . . . . . . . . . Parts Attached 199 | 7 8 5 14 . 29 5 . . 5 22 . . 3 . 22 2 17 15 8 37 Power 30 | 1 1 . 1 . 1 . . . 3 5 . . . . 3 . 4 2 1 8 Engine 7 | 1 1 . 1 . . . . . 3 1 . . . . . . . . . . Core 6 | . . . . . 1 . . . . 2 . . . . 3 . . . . . Reactor 17 | . . . . . . . . . . 2 . . . . . . 4 2 1 8 Propulsion 51 | 2 2 1 4 . 10 3 . . . 4 . . . . 5 2 2 6 2 8 Treads 17 | 2 2 1 4 . 7 . . . . . . . . . . . . 1 . . Leg . | . . . . . . . . . . . . . . . . . . . . . Wheel . | . . . . . . . . . . . . . . . . . . . . . Hover . | . . . . . . . . . . . . . . . . . . . . . Flight 34 | . . . . . 3 3 . . . 4 . . . . 5 2 2 5 2 8 Utility 73 | 1 3 2 3 . 10 2 . . 2 7 . . 3 . 9 . 6 6 2 17 Device 27 | . 2 2 1 . 3 . . . . 2 . . . . 5 . 2 4 1 5 Storage 8 | 1 1 . . . 1 . . . 1 1 . . 2 . 1 . . . . . Processor 13 | . . . . . 2 1 . . 1 2 . . . . 2 . . . . 5 Hackware 8 | . . . . . . 1 . . . 2 . . . . 1 . 2 1 . 1 Protection 17 | . . . 2 . 4 . . . . . . . 1 . . . 2 1 1 6 Artifact . | . . . . . . . . . . . . . . . . . . . . . Weapon 45 | 3 2 2 6 . 8 . . . . 6 . . . . 5 . 5 1 3 4 Energy Gun 11 | 2 1 2 4 . 2 . . . . . . . . . . . . . . . Energy Cannon 4 | . . . 2 . . . . . . 1 . . . . . . 1 . . . Ballistic Gun 5 | 1 . . . . 2 . . . . . . . . . 1 . . . . 1 Ballistic Cannon . | . . . . . . . . . . . . . . . . . . . . . Launcher 4 | . 1 . . . 2 . . . . . . . . . . . . . . 1 Special Weapon 1 | . . . . . . . . . . 1 . . . . . . . . . . Impact Weapon . | . . . . . . . . . . . . . . . . . . . . . Slashing Weapon 9 | . . . . . 2 . . . . 2 . . . . 2 . . 1 1 1 Piercing Weapon 4 | . . . . . . . . . . 1 . . . . . . 2 . . 1 Special Melee Weapon 7 | . . . . . . . . . . 1 . . . . 2 . 2 . 2 . Unidentified Prototypes 23 | . . 1 3 . 2 . . . . 1 . . 4 . 1 . 1 3 1 6 Parts Lost 29 | . . . 1 . 1 . . . . . . . . . 9 7 2 3 . 6 Power 6 | . . . . . . . . . . . . . . . 1 1 1 . . 3 Propulsion 4 | . . . . . . . . . . . . . . . 2 1 . 1 . . Utility 12 | . . . . . . . . . . . . . . . 3 3 1 2 . 3 Weapon 7 | . . . 1 . 1 . . . . . . . . . 3 2 . . . . Highest Loss Streak 7 | . . . 1 . 1 . . . . . . . . . 3 7 2 3 . 2 To Critical Strikes . | . . . . . . . . . . . . . . . . . . . . . Average Backups 9 | 1 11 15 14 15 14 9 8 8 9 9 10 10 10 10 9 8 8 9 10 2 Power 1 | . 1 1 1 1 . . 1 1 1 1 1 1 1 1 2 1 . 1 1 . Propulsion 2 | . 5 6 5 5 5 3 2 2 2 1 1 1 1 1 1 1 . 1 2 . Utility 2 | . 1 3 2 3 2 1 1 2 3 4 5 5 5 5 1 3 3 3 3 . Weapon 3 | . 2 4 6 6 6 3 3 3 2 3 3 3 3 3 3 2 3 2 2 . Tool/Special . | . . . . . . . . . . . . . . . . . . . . . Unused Backups 38 | . 1 . 7 . 4 1 1 . 2 5 . . 2 1 4 3 1 2 1 3 Power 5 | . 1 . 1 . 1 . . . 1 . . . . . . . . 1 . . Propulsion 7 | . . . . . . . 1 . . 1 . . . . 3 2 . . . . Utility 11 | . . . 2 . . . . . . 4 . . 2 1 . . 1 . . 1 Weapon 14 | . . . 4 . 3 1 . . 1 . . . . . 1 1 . . 1 2 Tool/Special 1 | . . . . . . . . . . . . . . . . . . 1 . . Average Slot Usage (%) 92 | . 97 99 99 100 95 96 97 100 96 94 94 94 94 94 91 91 82 92 91 83 Engine 3 | . 14 14 11 11 4 . . . 6 5 5 5 5 5 . . . . . . Core 2 | . . . . . 4 7 7 7 . 1 . . . . 6 5 2 . . . Reactor 3 | . . . . . . . . . . 3 5 5 5 5 2 4 6 8 8 6 Treads 8 | . 28 28 33 33 31 3 . . . . . . . . . . . . . . Flight 18 | . . . . . 2 32 35 38 38 29 29 29 29 29 24 24 18 23 21 19 Device 10 | . 11 13 12 22 8 5 7 7 3 4 5 5 4 5 9 9 15 16 17 15 Storage 6 | . 14 14 11 11 9 8 7 7 7 5 5 5 5 5 5 5 4 4 4 4 Processor 12 | . . . . . 6 13 15 15 15 17 17 17 17 17 15 15 14 12 8 17 Hackware 7 | . . . . . . 1 7 7 7 10 11 11 11 11 15 14 9 16 17 3 Protection 2 | . . . 9 . 9 5 . . . . . . . . . . . . 4 5 Energy Gun 4 | . 25 28 18 . 10 . . . . . . . . . . . . . . . Energy Cannon 1 | . . . 3 22 6 . . . . . . . . . 2 4 2 3 . . Slashing Weapon 3 | . . . . . . 11 15 15 15 4 5 4 5 4 4 . 1 2 4 3 Special Melee Weapon 1 | . . . . . . . . . . 2 5 5 5 5 2 4 2 2 3 . Peak Build Rating 183 | 6 12 18 22 21 28 46 46 46 47 90 88 89 88 90 113 117 135 154 153 183 Average Rating 86 | 4 10 12 20 21 24 42 44 46 42 83 88 87 87 88 103 112 128 147 150 165 On Entrance 63 | . 6 12 14 21 21 25 46 46 46 45 88 88 88 88 89 111 79 132 146 151 Naked Turns . | . . . . . . . . . . . . . . . . . . . . . Heaviest Build 54 | 13 33 32 43 38 45 41 16 16 20 30 27 27 27 27 38 36 52 53 52 54 Greatest Support 80 | 40 40 40 60 60 80 60 24 24 24 35 31 31 31 36 40 43 54 55 53 55 Greatest Overweight (x) 1 | . . . . . . . . . . 1 . . . . 1 . . 1 . . Average Overweight (x) . | . . . . . . . . . . . . . . . . . . . . . Largest Inventory Capacity 15 | 8 15 15 15 15 15 15 8 8 10 10 10 10 10 10 10 10 10 10 10 10 Average Capacity 11 | 6 14 15 15 15 15 8 8 8 9 10 10 10 10 10 10 10 10 10 10 9 Most Carried 15 | 2 15 15 15 15 15 15 8 8 10 10 10 10 10 10 10 10 10 10 10 10 Average Carried 10 | 1 11 14 14 15 14 8 8 8 9 9 10 10 9 10 9 9 9 9 9 9 Final Capacity 15 | 8 15 15 15 15 15 8 8 8 10 10 10 10 10 10 10 10 10 10 10 10 Final Carried 15 | 2 15 15 15 15 15 8 8 8 10 10 10 10 10 10 10 10 10 10 10 10 Class Distribution -------------------- 34% | Hacker-Scout 16% | Scavenger-Mutant 12% | Hacker-Ninja 12% | Scavenger-Ninja 10% | Mutant 3% | Scavenger-Scout Dominant Class ---------------- Mutant | -10/Materials Scavenger-Mutant | -10/Mines Scavenger-Mutant | -9/Materials Scavenger-Mutant | -9/Mines Scavenger-Mutant | -8/Materials Scout | -7/Factory Scavenger-Scout | -7/Storage Scavenger-Scout | -7/Recycling Sprinter | -7/Scraptown Hacker-Scout | -5/Factory Hacker-Scout | -5/Upper Caves Hacker-Scout | -5/Upper Caves Hacker-Scout | -5/Zhirov Hacker-Scout | -4/Proximity Caves Hacker-Scout | -4/Factory Hacker-Scout | -4/Armory Scavenger-Ninja | -3/Research Hacker-Ninja | -2/Research Hacker-Ninja | -2/Quarantine Scavenger-Ninja | -2/Protoforge Resources | -11 -10 -10 -9 -9 -8 -7 -7 -7 -7 -5 -5 -5 -5 -4 -4 -4 -3 -2 -2 -2 ----------- Run | Yrd Mat Min Mat Min Mat Fac Sto Rec Scr Fac Upp Upp Zhi Pro Fac Arm Res Res Qua Frg Matter Collected 9105 | 195 243 83 183 . 483 16 54 30 50 694 . . 140 40 776 38 218 468 70 5324 Remotely . | . . . . . . . . . . . . . . . . . . . . . Salvage Created 11109 | . 587 106 785 . 2292 16 . 52 73 1182 . . 177 . 1210 11 544 632 115 3327 Parts 523 | . 40 7 42 . 122 1 . 5 7 40 . . 2 . 54 1 32 30 1 139 Haulers Intercepted 18 | . 1 . 5 . 3 . . . . 5 . . . . 1 . 1 . 1 1 Recyclers Shooed 6 | . . 1 . . 4 . . . . . . . . . . . . 1 . . Parts Field Recycled . | . . . . . . . . . . . . . . . . . . . . . Retrieved Matter . | . . . . . . . . . . . . . . . . . . . . . Parts Self-Destructed 2 | . . . . . . . . . . . . . 2 . . . . . . . Prevented . | . . . . . . . . . . . . . . . . . . . . . Kills | -11 -10 -10 -9 -9 -8 -7 -7 -7 -7 -5 -5 -5 -5 -4 -4 -4 -3 -2 -2 -2 ------- Run | Yrd Mat Min Mat Min Mat Fac Sto Rec Scr Fac Upp Upp Zhi Pro Fac Arm Res Res Qua Frg Combat Hostiles Destroyed 177 | . 14 2 11 . 39 . . . 1 3 . . . . 9 1 3 2 . 92 Melee 25 | . . . . . . . . . 1 3 . . . . 8 . 2 2 . 9 Guns 36 | . 12 2 11 . 11 . . . . . . . . . . . . . . . Cannons 19 | . . . . . 16 . . . . . . . . . 1 1 1 . . . AOE 97 | . 2 . . . 12 . . . . . . . . . . . . . . 83 Classes Destroyed 26 | . 7 . 1 . 5 . . . 2 . . . . . 2 1 . . . 8 Worker 3 | . 1 . . . . . . . . 1 . . . . . . . . . 1 Builder 4 | . . . . . 2 . . . . . . . . . . . 1 . . 1 Tunneler 4 | . 1 . . . 1 . . . . . . . . . 1 . 1 . . . Hauler 18 | . 1 . 5 . 3 . . . . 5 . . . . 1 . 1 . 1 1 Recycler 22 | . . . . . 10 . . 1 . 3 . . . . 4 . 1 3 . . Mechanic 12 | . . . . . . . . . . . . . . . . . . . . 12 Operator 9 | . 1 . 1 . 1 1 . . . 1 . . . . 2 . 2 . . . Drone 22 | . . . . . . . . . . . . . . . . . . . . 22 Watcher 23 | . 3 . 3 . 2 . . . . 5 . . . . 2 . . 4 . 4 Swarmer 37 | . 3 . . . 12 . . . . 3 . . . . . . . . . 19 Cutter 3 | . . . . . . . . . . . . . . . 3 . . . . . Saboteur 1 | . . . . . . . . . . . . . . . . 1 . . . . Grunt 46 | . 11 2 7 . 19 . . . . . . . . . . . . . . 7 Brawler 3 | . . . . . 1 . . . . . . . . . . . . . . 2 Duelist 2 | . . . . . 1 . . . . . . . . . . . . . . 1 Protector 6 | . . . . . 1 . . . . . . . . . . . . . . 5 Sentry 9 | . . . 4 . 5 . . . . . . . . . . . . . . . Specialist 1 | . . . . . . . . . . . . . . . . . . . . 1 Hunter 7 | . . . . . . . . . . . . . . . . . . . . 7 Programmer 18 | . . . . . . . . . . . . . . . 6 . 3 2 . 7 Hotshot 5 | . . . . . . . . . . . . . . . . . . . . 5 Decapitator 2 | . . . . . . . . . . . . . . . . . . . . 2 Striker 4 | . . . . . . . . . . . . . . . . . . . . 4 Executioner 9 | . . . . . . . . . . . . . . . . . . . . 9 Bolteater 1 | . . . . . . . . . 1 . . . . . . . . . . . Scientist 1 | . . . . . . . . . 1 . . . . . . . . . . . Scrapper 1 | . . . . . . . . . . . . . . . . . . . . 1 Scrapoid 1 | . . . . . . . . . . . . . . . . . . . . 1 Best Kill Streak 16 | . 3 2 2 . 6 1 . 1 1 3 . . . . 3 1 2 2 1 16 Combat Bots Only 14 | . 3 2 2 . 5 . . . 1 3 . . . . 2 1 1 1 . 14 Max Kills in Single Turn 4 | . 2 1 1 . 3 1 . 1 1 1 . . . . 1 1 1 1 1 4 Gunslinging . | . . . . . . . . . . . . . . . . . . . . . Exploded 4 | . 2 . . . 3 . . . . . . . . . . . . . . 4 Melee 1 | . . . . . . . . . 1 1 . . . . 1 . 1 1 . 1 Uniques/NPCs Destroyed . | . . . . . . . . . . . . . . . . . . . . . Combat | -11 -10 -10 -9 -9 -8 -7 -7 -7 -7 -5 -5 -5 -5 -4 -4 -4 -3 -2 -2 -2 -------- Run | Yrd Mat Min Mat Min Mat Fac Sto Rec Scr Fac Upp Upp Zhi Pro Fac Arm Res Res Qua Frg Hostile Shots Fired 737 | . 60 6 41 . 126 . . . 25 17 . . . 3 76 59 88 73 23 140 Missed 329 | . 15 3 9 . 40 . . . 7 9 . . . 3 27 32 45 44 10 85 Hits 408 | . 45 3 32 . 86 . . . 18 8 . . . . 49 27 43 29 13 55 Melee 17 | . . . . . 2 . . . . . . . . . 6 8 . . . 1 Projectile 391 | . 45 3 32 . 84 . . . 18 8 . . . . 43 19 43 29 13 54 AOE 5 | . . . . . . . . . . . . . . . 2 2 . . . 1 Critical Strikes 26 | . . 1 1 . 6 . . . 2 . . . . . 7 1 3 . 1 4 Part Disruptions 1 | . . . . . . . . . . . . . . . . 1 . . . . Damage Taken 8391 | . 517 43 480 . 1321 49 . . 219 121 . . . . 1304 611 920 663 263 1880 Core 1260 | . 68 . 40 . 89 . . . 75 55 . . . . 214 161 146 68 47 297 Absorbed by Shields . | . . . . . . . . . . . . . . . . . . . . . Redirected to Shielding 288 | . . . . . . . . . . . . . . . 156 . . . . 132 Regen/Repaired (Parts) 532 | . 47 . . . . . 49 . . 53 . . . . 300 . . . . 83 Core Remaining (%) 85 | 100 . 72 . 90 83 . . . 89 . . . . 94 . 67 88 . . . Volleys Fired 638 | . 65 4 52 . 139 . . . . 12 . 1 . 2 72 31 36 22 6 196 Largest 2 | . 2 2 2 . 2 . . . . 1 . 1 . 1 1 1 1 1 1 1 Hottest 136 | . 105 105 136 . 136 . . . . 98 . 98 . 98 98 98 40 40 40 80 Shots Fired 887 | . 130 8 104 . 267 . . . . 12 . 1 . 2 73 31 36 22 6 195 Gun 354 | . 129 8 102 . 115 . . . . . . . . . . . . . . . Cannon 335 | . . . 2 . 144 . . . . 10 . 1 . 2 73 31 36 22 6 8 Launcher 196 | . 1 . . . 8 . . . . . . . . . . . . . . 187 Special 2 | . . . . . . . . . . 2 . . . . . . . . . . Kinetic 16 | . 14 . . . 2 . . . . . . . . . . . . . . . Thermal 673 | . 115 8 104 . 257 . . . . 10 . 1 . 2 73 31 36 22 6 8 Explosive 196 | . 1 . . . 8 . . . . . . . . . . . . . . 187 Electromagnetic . | . . . . . . . . . . . . . . . . . . . . . Robot Hit Streak 22 | . 16 1 12 . 17 . . . . 2 . . . . 1 3 4 4 . 22 Robot Miss Streak 8 | . 4 4 2 . 8 . . . . . . . . . 1 1 2 3 . . Penetration Max . | . . . . . . . . . . . . . . . . . . . . . Secondary Targets . | . . . . . . . . . . . . . . . . . . . . . Shots Hit Robots 515 | . 93 3 73 . 150 4 2 1 4 27 . . 10 . 46 9 27 18 6 42 Core Hits 640 | . 37 4 27 . 93 . . 1 1 14 . . 2 . 20 1 11 9 1 419 Critical Kills . | . . . . . . . . . . . . . . . . . . . . . Critical Parts Destroyed . | . . . . . . . . . . . . . . . . . . . . . Critical Strikes 36 | . 1 . 8 . 5 . 1 . . 1 . . . . 13 . 1 . 1 5 Burn 14 | . 1 . 8 . 5 . . . . . . . . . . . . . . . Sever 16 | . . . . . . . 1 . . 1 . . . . 13 . . . 1 . Impale 6 | . . . . . . . . . . . . . . . . . 1 . . 5 Melee Attacks 427 | . . . . . 1 12 6 6 22 106 4 2 10 3 111 5 49 31 21 38 Impact . | . . . . . . . . . . . . . . . . . . . . . Slashing 335 | . . . . . 1 12 6 6 22 77 4 2 7 3 111 . 11 26 20 27 Piercing 78 | . . . . . . . . . . 26 . . . . . . 37 5 . 10 Sneak Attacks 67 | . . . . . . . 2 1 3 17 . . 3 . 10 5 8 5 1 12 Combat Hostiles 1 | . . . . . . . . . . . . . . . 1 . . . . . Follow-up Attacks 9 | . . . . . . 1 . . . 1 . . . . 6 . 1 . . . Damage Inflicted 47320 | . 1278 59 1210 . 4144 165 157 91 243 1614 . . 600 . 2464 134 1456 1247 443 32015 Guns 3741 | . 1184 59 1190 . 1308 . . . . . . . . . . . . . . . Cannons 2159 | . . . 20 . 1590 . . . . . . . . . 31 134 207 140 . 37 Explosions 31193 | . 94 . . . 1246 . . . . . . . . . . . . . . 29853 Melee 10227 | . . . . . . 165 157 91 243 1614 . . 600 . 2433 . 1249 1107 443 2125 Ramming . | . . . . . . . . . . . . . . . . . . . . . Kinetic 167 | . 149 . . . 18 . . . . . . . . . . . . . . . Thermal 5895 | . 1035 59 1210 . 3042 . . . . . . . . . 31 134 207 140 . 37 Explosive 31004 | . 94 . . . 1057 . . . . . . . . . . . . . . 29853 Electromagnetic 27 | . . . . . 27 . . . . . . . . . . . . . . . Impact . | . . . . . . . . . . . . . . . . . . . . . Slashing 7998 | . . . . . . 165 157 91 243 1382 . . 600 . 2433 . 270 948 443 1266 Piercing 2229 | . . . . . . . . . . 232 . . . . . . 979 159 . 859 Highest Corruption 10 | . 2 2 . . . . . . . 1 1 1 1 1 4 1 10 2 2 2 Average Corruption 2 | . 2 2 . . . . . . . 1 1 1 1 1 2 1 9 1 2 1 Corruption Purged 8 | . . . . . . . . . . . . . . . 6 . . . . 2 Corruption Blocked . | . . . . . . . . . . . . . . . . . . . . . Effects 120 | . 11 2 . . . . . . . . 3 2 . 1 27 7 40 10 2 15 Message Errors 28 | . 3 . . . . . . . . . 1 1 . 1 5 2 10 2 . 3 Matter Fused 30 | . 4 1 . . . . . . . . . . . . 7 1 9 5 1 2 Heat Flow Errors 19 | . 1 . . . . . . . . . 2 . . . 5 1 7 1 . 2 Energy Discharges 18 | . 1 . . . . . . . . . . . . . 5 1 7 1 . 3 Parts Rejected 2 | . . . . . . . . . . . . . . . . . 1 . . 1 Parts Fused 2 | . 1 . . . . . . . . . . . . . 1 . . . . . Data Loss (minor) 11 | . . . . . . . . . . . . . . . 3 2 3 1 . 2 Data Loss (major) 2 | . . . . . . . . . . . . . . . . . 2 . . . Misfires 2 | . 1 . . . . . . . . . . . . . 1 . . . . . Alerts 5 | . . 1 . . . . . . . . . 1 . . . . 1 . 1 1 Weapon Failures 1 | . . . . . . . . . . . . . . . . . . . . 1 Overload Shots . | . . . . . . . . . . . . . . . . . . . . . Overflow Damage 3011 | . . . . . 63 63 32 . 75 288 . . 173 . 194 . 195 186 3 1739 Projectiles 20 | . . . . . 14 . . . . . . . . . . . . 6 . . Explosions 770 | . . . . . 49 . . . . . . . . . . . . . . 721 Melee 2221 | . . . . . . 63 32 . 75 288 . . 173 . 194 . 195 180 3 1018 Knockbacks . | . . . . . . . . . . . . . . . . . . . . . Impact . | . . . . . . . . . . . . . . . . . . . . . Kinetic . | . . . . . . . . . . . . . . . . . . . . . Secondary . | . . . . . . . . . . . . . . . . . . . . . Self-Inflicted Damage 200 | . . . . . 119 . . . . . . . . . 27 . . . . 54 Shots 5 | . . . . . 3 . . . . . . . . . 1 . . . . 1 Rammed . | . . . . . . . . . . . . . . . . . . . . . Targets Rammed . | . . . . . . . . . . . . . . . . . . . . . Kicked . | . . . . . . . . . . . . . . . . . . . . . Crushed . | . . . . . . . . . . . . . . . . . . . . . Highest Temperature 343 | . 126 39 195 . 306 52 3 3 171 218 289 66 . 26 343 228 235 253 . 93 Average Temperature 47 | . 24 11 49 . 64 17 2 2 69 31 95 33 . 19 46 49 93 96 . 63 Received Heat Transfer 1613 | . 276 45 195 . 639 . . . 176 . . . . . 48 9 42 72 . 111 Siege Activations . | . . . . . . . . . . . . . . . . . . . . . Martial Activations . | . . . . . . . . . . . . . . . . . . . . . Shielding Activations . | . . . . . . . . . . . . . . . . . . . . . Robots Disrupted 1 | . . . . . 1 . . . . . . . . . . . . . . . Combat Hostiles . | . . . . . . . . . . . . . . . . . . . . . Robots Corrupted . | . . . . . . . . . . . . . . . . . . . . . Combat Hostiles . | . . . . . . . . . . . . . . . . . . . . . Parts Fried . | . . . . . . . . . . . . . . . . . . . . . Impact Corruptions . | . . . . . . . . . . . . . . . . . . . . . Robots Melted 2 | . . . 2 . . . . . . . . . . . . . . . . . Combat Hostiles . | . . . . . . . . . . . . . . . . . . . . . Parts Melted 23 | . 10 . 3 . 9 . . . . . . . . . . 1 . . . . Heat Transferred 12751 | . 2534 136 3330 . 6131 . . . . . . . . . 50 200 185 148 . 37 Parts Sabotaged . | . . . . . . . . . . . . . . . . . . . . . Parts Stolen . | . . . . . . . . . . . . . . . . . . . . . Parts Stripped . | . . . . . . . . . . . . . . . . . . . . . Power Chain Reactions . | . . . . . . . . . . . . . . . . . . . . . Alert | -11 -10 -10 -9 -9 -8 -7 -7 -7 -7 -5 -5 -5 -5 -4 -4 -4 -3 -2 -2 -2 ------- Run | Yrd Mat Min Mat Min Mat Fac Sto Rec Scr Fac Upp Upp Zhi Pro Fac Arm Res Res Qua Frg Maximum Alert Level 5 | . . . . . 2 1 . . . . . . . . 1 2 1 . . 5 Low Security (%) 73 | 100 100 100 100 100 12 . 100 100 . 100 . . . . 85 47 92 100 100 34 Level 1 11 | . . . . . 48 100 . . . . . . . . 14 46 7 . . 4 Level 2 5 | . . . . . 38 . . . . . . . . . . 5 . . . 3 Level 3 1 | . . . . . . . . . . . . . . . . . . . . 6 Level 4 2 | . . . . . . . . . . . . . . . . . . . . 14 Level 5 5 | . . . . . . . . . . . . . . . . . . . . 35 High Security . | . . . . . . . . . . . . . . . . . . . . . Max Security . | . . . . . . . . . . . . . . . . . . . . . Peak Influence 2680 | . 131 40 76 . 604 273 155 181 . 145 . . . . 338 494 225 125 69 2680 Initial 273 | . . 15 . . . 273 113 52 . . . . . . 15 164 221 103 63 19 Average 258 | . 50 8 26 . 353 259 136 99 . 49 . . . . 95 235 118 24 19 1057 Influence Increases 9867 | . 441 50 414 . 1390 27 63 189 . 647 . . 10 105 1101 686 650 447 181 3466 Destroy 0b10 Robot/C 3180 | . 280 40 220 . 760 . . . . 80 . . . . 180 200 80 40 . 1300 Destroy 0b10 Robot/NC 625 | . 35 . 45 . 100 5 . 5 . 75 . . 10 . 50 . 30 35 5 230 Destroy Leader 628 | . 68 10 86 . 160 . . . . 28 . . . . 46 30 22 18 2 158 Allied During Kill 50 | . . . . . . . . . . . . . . . . 50 . . . . Trap Triggered on 0b10 240 | . . . . . . . . . . 40 . . . . 90 . 70 30 . 10 Successful Hack 538 | . 27 . 16 . 18 . 45 30 . 72 . . . . 112 . 103 39 33 43 Select Force Hacks 150 | . . . . . . . . 150 . . . . . . . . . . . . Disable Machine 855 | . 30 . 15 . 135 . 15 . . 45 . . . . 120 120 45 15 15 300 Destroy Structure 1411 | . 1 . 2 . 97 7 3 4 . 142 . . . . 188 136 90 90 36 615 Partial Spotted 495 | . . . 15 . . 15 . . . 120 . . . . 105 45 30 45 . 120 Lose Combat Pursuer 1695 | . . . 15 . 120 . . . . 45 . . . 105 210 105 180 135 90 690 Influence Decreases 7188 | . 402 89 411 3 790 377 177 322 3 563 84 . 10 80 789 601 887 518 260 822 Entered New Map 1143 | . . 24 . 3 . 327 137 84 3 . 32 . . . 10 173 201 82 51 16 Time Decay 4733 | . 402 65 402 . 630 50 40 238 . 446 52 . 10 80 699 198 522 222 117 560 Lost Part 244 | . . . 9 . 10 . . . . . . . . . 71 70 10 14 . 60 Lost Ally 229 | . . . . . . . . . . 16 . . . . 9 160 4 . 20 20 Purge Threat 839 | . . . . . 150 . . . . 101 . . . . . . 150 200 72 166 Squads Dispatched 94 | . 3 . . . 7 . 1 . . 16 . 1 . . 24 6 11 9 7 9 Investigation 43 | . 1 . . . . . 1 . . 7 . 1 . . 13 . 5 6 4 5 Extermination 26 | . . . . . . . . . . 7 . . . . 7 2 4 3 2 1 Reinforcement 21 | . 2 . . . 3 . . . . 2 . . . . 4 4 2 . 1 3 Assault 1 | . . . . . 1 . . . . . . . . . . . . . . . Garrison 3 | . . . . . 3 . . . . . . . . . . . . . . . Intercept . | . . . . . . . . . . . . . . . . . . . . . Searches Triggered . | . . . . . . . . . . . . . . . . . . . . . Construction Impeded 1 | . . . . . 1 . . . . . . . . . . . . . . . Haulers Reinforced 3 | . . . . . . . . . . 1 . . . . 1 . . . 1 . Active Scanning Responses . | . . . . . . . . . . . . . . . . . . . . . Cargo Convoy Interrupts . | . . . . . . . . . . . . . . . . . . . . . Stealth | -11 -10 -10 -9 -9 -8 -7 -7 -7 -7 -5 -5 -5 -5 -4 -4 -4 -3 -2 -2 -2 --------- Run | Yrd Mat Min Mat Min Mat Fac Sto Rec Scr Fac Upp Upp Zhi Pro Fac Arm Res Res Qua Frg Distress Signals 19 | . 1 . 1 . 5 . . . . . . . . . 1 1 . . 2 8 Communications Jammed . | . . . . . . . . . . . . . . . . . . . . . Distress Signals . | . . . . . . . . . . . . . . . . . . . . . Times Spotted 548 | . 23 2 18 1 60 1 . . 19 19 . . . 7 37 33 30 31 13 254 Peak Tracking Total 19 | . 3 2 3 1 5 1 . . 10 4 . . . 7 6 18 7 13 8 19 Tactical Retreats 62 | . . . 1 . 7 . . . 1 2 . . . 3 9 3 6 3 4 23 Traps | -11 -10 -10 -9 -9 -8 -7 -7 -7 -7 -5 -5 -5 -5 -4 -4 -4 -3 -2 -2 -2 ------- Run | Yrd Mat Min Mat Min Mat Fac Sto Rec Scr Fac Upp Upp Zhi Pro Fac Arm Res Res Qua Frg Traps Triggered 7 | . 2 . 1 . . 1 . . . . . . . . . . 2 . . 1 Indirectly . | . . . . . . . . . . . . . . . . . . . . . Trap Hack Attempts 224 | . . . . . . . . . . 85 . . . . 105 . 28 4 1 1 Triggered 2 | . . . . . . . . . . . . . . . 2 . . . . . Disarmed 5 | . . . . . . . . . . . . . . . 4 . . . 1 . Reprogrammed 38 | . . . . . . . . . . 11 . . . . 19 . 6 1 . 1 Reused 24 | . . . . . . . . . . 4 . . . . 9 . 7 3 . 1 Traps Extracted 30 | . . . . . . . . . . 4 . . . . 19 . 5 1 . 1 Installed 26 | . . . . . . . . . . . . . . . 11 . 11 3 . 1 Triggered 24 | . . . . . . . . . . 4 . . . . 9 . 7 3 . 1 Most Traps Carried 8 | . . . . . . . . . . 4 4 4 4 4 8 8 8 3 . 1 Machines | -11 -10 -10 -9 -9 -8 -7 -7 -7 -7 -5 -5 -5 -5 -4 -4 -4 -3 -2 -2 -2 ---------- Run | Yrd Mat Min Mat Min Mat Fac Sto Rec Scr Fac Upp Upp Zhi Pro Fac Arm Res Res Qua Frg Machines Disabled 61 | . 2 . 1 . 9 . 1 . 1 3 . 1 . . 9 8 3 1 1 21 Max in Single Turn 4 | . 2 . 1 . 3 . 1 . 1 1 . 1 . . 1 1 1 1 1 4 Garrison Access 10 | . . . . . . . . . . 4 . . . . 2 . 1 2 1 . Machines Repaired . | . . . . . . . . . . . . . . . . . . . . . Machines Dismantled . | . . . . . . . . . . . . . . . . . . . . . Machines Sabotaged . | . . . . . . . . . . . . . . . . . . . . . Overloaded Fab Kills . | . . . . . . . . . . . . . . . . . . . . . Hacking | -11 -10 -10 -9 -9 -8 -7 -7 -7 -7 -5 -5 -5 -5 -4 -4 -4 -3 -2 -2 -2 --------- Run | Yrd Mat Min Mat Min Mat Fac Sto Rec Scr Fac Upp Upp Zhi Pro Fac Arm Res Res Qua Frg Machines Accessed 160 | . 7 . 5 . 8 1 4 11 1 31 . 1 4 . 32 2 19 13 10 11 Terminals 86 | . 6 . 5 . 5 1 2 5 . 14 . 1 . . 12 2 13 6 9 5 Fabricators 14 | . . . . . . . . . . 6 . . . . 4 . . 2 . 2 Repair Stations 10 | . 1 . . . 1 . 2 . . 1 . . . . 4 . . . . 1 Recycling Units 31 | . . . . . 1 . . 6 . 6 . . . . 8 . 4 3 . 3 Scanalyzers 1 | . . . . . . . . . . . . . . . 1 . . . . . Garrison Access 13 | . . . . . 1 . . . . 4 . . . . 3 . 2 2 1 . Total Hacks 471 | . 24 . 20 . 20 1 10 35 19 69 . 4 17 . 109 6 40 35 23 39 Successful 281 | . 12 . 11 . 8 . 6 20 19 40 . 4 17 . 65 . 20 22 11 26 Failed 190 | . 12 . 9 . 12 1 4 15 . 29 . . . . 44 6 20 13 12 13 Catastrophic 20 | . 1 . . . 2 1 . . . 4 . . . . 2 2 3 1 3 1 Database Lockouts . | . . . . . . . . . . . . . . . . . . . . . Manual 239 | . 20 . 17 . 11 1 7 14 . 38 . . . . 49 3 18 18 19 24 Terminals 255 | . 22 . 20 . 15 1 5 14 . 31 . 4 . . 46 6 26 20 22 23 Fabricators 42 | . . . . . . . . . . 10 . . . . 18 . . 6 . 8 Repair Stations 28 | . 2 . . . 2 . 5 . . 6 . . . . 12 . . . . 1 Recycling Units 85 | . . . . . 1 . . 21 . 16 . . . . 23 . 10 7 . 7 Scanalyzers 4 | . . . . . . . . . . . . . . . 4 . . . . . Garrison Access 21 | . . . . . 2 . . . . 6 . . . . 6 . 4 2 1 . Terminal Hacks 120 | . 3 . 4 . 2 . 3 5 19 12 . 4 17 . 14 . 10 9 5 13 Record 28 | . . . . . . . . . 19 . . 4 5 . . . . . . . Part Schematic 9 | . . . . . . . . 1 . 2 . . 4 . . . 1 . 1 . Robot Analysis 6 | . 1 . . . 1 . . . . . . . 4 . . . . . . . Prototype ID Bank 9 | . 1 . . . . . . 2 . 1 . . 4 . . . 1 . . . Open Door 1 | . . . . . . . 1 . . . . . . . . . . . . . Branch Access Points 5 | . . . . . . . . . . 1 . . . . 2 . 1 1 . . Machine Index 1 | . . . . . . . . . . . . . . . . . 1 . . . Terminal Index 4 | . . . 1 . . . . . . . . . . . 2 . . 1 . . Fabricator Index 1 | . . . . . . . . . . . . . . . 1 . . . . . Alert Level 5 | . . . . . . . 1 . . 1 . . . . 1 . . . . 2 Unreport Threat 13 | . . . . . 1 . . . . 2 . . . . 1 . 1 3 3 2 Locate Traps 14 | . 1 . 2 . . . 1 . . 1 . . . . . . 4 1 . 4 Recall Investigation 6 | . . . . . . . . . . 2 . . . . 2 . . 1 . 1 Recall Extermination 1 | . . . . . . . . . . . . . . . 1 . . . . . Recall Reinforcements 3 | . . . . . . . . . . 1 . . . . 1 . . . 1 . Hauler Manifests 1 | . . . 1 . . . . . . . . . . . . . . . . . Registered Components 2 | . . . . . . . . . . . . . . . 1 . . 1 . . Registered Prototypes 2 | . . . . . . . . . . . . . . . 1 . . 1 . . Zone Layout 9 | . . . . . . . . 2 . 1 . . . . 1 . 1 . . 4 Fabricator Hacks 13 | . . . . . . . . . . . . . . . 6 . . 3 . 4 Load Schematic 8 | . . . . . . . . . . . . . . . 4 . . 2 . 2 Build 5 | . . . . . . . . . . . . . . . 2 . . 1 . 2 Repair Station Hacks 21 | . 2 . . . 1 . 2 . . 6 . . . . 10 . . . . . Scan Component 11 | . 1 . . . 1 . 1 . . 3 . . . . 5 . . . . . Repair 10 | . 1 . . . . . 1 . . 3 . . . . 5 . . . . . Recycling Unit Hacks 20 | . . . . . . . . 3 . 5 . . . . 7 . 3 2 . . Retrieve Components 20 | . . . . . . . . 3 . 5 . . . . 7 . 3 2 . . Scanalyzer 3 | . . . . . . . . . . . . . . . 3 . . . . . Insert Component 1 | . . . . . . . . . . . . . . . 1 . . . . . Analyze 2 | . . . . . . . . . . . . . . . 2 . . . . . Garrison Access Hacks 10 | . . . . . . . . . . 4 . . . . 2 . 1 2 1 . Seal Access 10 | . . . . . . . . . . 4 . . . . 2 . 1 2 1 . Unauthorized Hacks 94 | . 7 . 7 . 5 . 1 12 . 13 . . . . 23 . 6 6 5 9 Terminals 54 | . 7 . 7 . 5 . 1 7 . 3 . . . . 8 . 3 3 5 5 Assimilate 8 | . . . . . . . . . . 1 . . . . 2 . 1 1 3 . Botnet 25 | . 2 . 2 . 1 . 1 2 . 2 . . . . 5 . 2 2 2 4 Operators 1 | . . . . . . . . . . . . . . . 1 . . . . . Skim 20 | . 5 . 5 . 4 . . 5 . . . . . . . . . . . 1 Fabricators 14 | . . . . . . . . . . 6 . . . . 6 . . 1 . 1 Report 1 | . . . . . . . . . . . . . . . 1 . . . . . Prioritize 3 | . . . . . . . . . . . . . . . 2 . . . . 1 Liberate 2 | . . . . . . . . . . 1 . . . . 1 . . . . . Fabnet 5 | . . . . . . . . . . 4 . . . . 1 . . . . . Haulers 2 | . . . . . . . . . . 1 . . . . 1 . . . . . Recompile 1 | . . . . . . . . . . . . . . . . . . 1 . . Repair Stations 2 | . . . . . . . . . . . . . . . 1 . . . . 1 Patch 2 | . . . . . . . . . . . . . . . 1 . . . . 1 Recycling Units 24 | . . . . . . . . 5 . 4 . . . . 8 . 3 2 . 2 Tunnel 5 | . . . . . . . . 5 . . . . . . . . . . . . Fedlink 19 | . . . . . . . . . . 4 . . . . 8 . 3 2 . 2 Scanalyzers . | . . . . . . . . . . . . . . . . . . . . . Garrison Access . | . . . . . . . . . . . . . . . . . . . . . Data Cores Recovered 3 | . . . 1 . 1 1 . . . . . . . . . . . . . . Used . | . . . . . . . . . . . . . . . . . . . . . Hacking Detections 118 | . 7 . 4 . 8 1 3 8 . 21 . 1 . . 21 2 18 9 7 8 Full Trace Events 20 | . . . . . . . 1 1 . 3 . 1 . . 4 . 1 3 4 2 Feedback Events 1 | . . . . . . . . . . . . . . . . . . 1 . . Corruption 1 | . . . . . . . . . . . . . . . . . . 1 . . Feedback Blocked 1 | . . . . . . . . . . . . . . . . . . . 1 . Robot Schematics Acquired . | . . . . . . . . . . . . . . . . . . . . . Robots Built . | . . . . . . . . . . . . . . . . . . . . . Authchips . | . . . . . . . . . . . . . . . . . . . . . Time . | . . . . . . . . . . . . . . . . . . . . . Total Robot Build Rating . | . . . . . . . . . . . . . . . . . . . . . Part Schematics Acquired 57 | . . . . . . . . 1 . 31 1 3 5 3 5 1 6 . 1 . Parts Built 5 | . . . . . . . . . . . . . . . 2 . . 1 . 2 Authchips 1 | . . . . . . . . . . . . . . . . . . . . 1 Time 351 | . . . . . . . . . . . . . . . 168 . . 93 . 90 Total Part Build Rating 32 | . . . . . . . . . . . . . . . 12 . . 7 . 13 Parts Repaired 10 | . 1 . . . . . 1 . . 3 . . . . 5 . . . . . Time 428 | . 32 . . . . . 30 . . 143 . . . . 223 . . . . . Parts Recycled . | . . . . . . . . . . . . . . . . . . . . . Recycled Matter . | . . . . . . . . . . . . . . . . . . . . . Retrieved Matter . | . . . . . . . . . . . . . . . . . . . . . Retrieved Components 39 | . . . . . . . . 3 . 21 . . . . 10 . . 5 . . Parts Scanalyzed 1 | . . . . . . . . . . . . . . . 1 . . . . . Part Schematics Acquired . | . . . . . . . . . . . . . . . . . . . . . Parts Damaged 1 | . . . . . . . . . . . . . . . 1 . . . . . Bothacking | -11 -10 -10 -9 -9 -8 -7 -7 -7 -7 -5 -5 -5 -5 -4 -4 -4 -3 -2 -2 -2 ------------ Run | Yrd Mat Min Mat Min Mat Fac Sto Rec Scr Fac Upp Upp Zhi Pro Fac Arm Res Res Qua Frg Used RIF Installer . | . . . . . . . . . . . . . . . . . . . . . Robots Hacked 21 | . . . . . . . . . . 2 . . 3 . 3 8 2 . . 3 Non-combat 2 | . . . . . . . . . . 2 . . . . . . . . . . Combat 19 | . . . . . . . . . . . . . 3 . 3 8 2 . . 3 Robot Hacks Applied 8 | . . . . . . . . . . 4 . . 3 . . . . . . 1 parse_system 6 | . . . . . . . . . . 2 . . 3 . . . . . . 1 find_fabricator 1 | . . . . . . . . . . 1 . . . . . . . . . . find_dsf 1 | . . . . . . . . . . 1 . . . . . . . . . . Relay Couplers Released . | . . . . . . . . . . . . . . . . . . . . . Fabnet Peak Effective % 12 | . . . . . . . . . . . . . . 12 12 12 7 1 1 1 Autooverrided 15 | . . . . . . . . . . . . . . . 3 8 2 . . 2 Robots Rewired 4 | . . . . . . . . . . . . . . . . 4 . . . . Allies Hacked . | . . . . . . . . . . . . . . . . . . . . . Hacks Repelled . | . . . . . . . . . . . . . . . . . . . . . Allies | -11 -10 -10 -9 -9 -8 -7 -7 -7 -7 -5 -5 -5 -5 -4 -4 -4 -3 -2 -2 -2 -------- Run | Yrd Mat Min Mat Min Mat Fac Sto Rec Scr Fac Upp Upp Zhi Pro Fac Arm Res Res Qua Frg Total Allies 29 | . . . . . . . . . . 3 . . . . 5 12 3 1 3 2 Largest Group 6 | . . . . . . . . . . 2 . . . . 2 6 2 1 2 1 Highest-Rated Group 225 | . . . . . . . . . . 98 . . . . 94 225 94 10 71 51 Highest-Rated Ally 51 | . . . . . . . . . . 49 . . . . 49 50 47 10 45 51 Total Orders 20 | . . . . . . . . . . . . . . . 3 5 10 1 1 . STAY 12 | . . . . . . . . . . . . . . . 2 3 5 1 1 . FOLLOW 8 | . . . . . . . . . . . . . . . 1 2 5 . . . Ally Attacks 69 | . . . . . . . . . . 8 . . . . 4 48 7 . . 2 Total Damage 2536 | . . . . . . . . . . 205 . . . . 72 1967 277 . . 15 Kills 12 | . . . . . . . . . . 1 . . . . . 10 1 . . . Allies Corrupted 1 | . . . . . . . . . . . . . . . . 1 . . . . Allies Melted 3 | . . . . . . . . . 1 . . . . . . . . . . 2 Intel | -11 -10 -10 -9 -9 -8 -7 -7 -7 -7 -5 -5 -5 -5 -4 -4 -4 -3 -2 -2 -2 ------- Run | Yrd Mat Min Mat Min Mat Fac Sto Rec Scr Fac Upp Upp Zhi Pro Fac Arm Res Res Qua Frg Active Infowar (turns) 17177 | . . 1 . . 1529 114 91 517 794 3031 222 261 80 285 3501 407 1757 1167 395 3025 Optics 17176 | . . . . . 1529 114 91 517 794 3031 222 261 80 285 3501 407 1757 1167 395 3025 Sensors 14856 | . . 1 . . . 97 91 517 342 2977 222 250 71 285 3316 407 1733 1163 395 2989 Structural 9521 | . . . . . . . . . . 35 . 11 . . 3204 402 1282 1167 395 3025 Cloaking 4678 | . . . . . . . . . . . . . . . . . 1472 1115 395 1696 Robot Analysis Total 6 | . 1 . . . 1 . . . . . . . 4 . . . . . . . Derelict Logs Recovered 5 | . . . . . . . . . . . 3 1 . 1 . . . . . . Drone Launches . | . . . . . . . . . . . . . . . . . . . . . Drone Recoveries . | . . . . . . . . . . . . . . . . . . . . . Exploration | -11 -10 -10 -9 -9 -8 -7 -7 -7 -7 -5 -5 -5 -5 -4 -4 -4 -3 -2 -2 -2 ------------- Run | Yrd Mat Min Mat Min Mat Fac Sto Rec Scr Fac Upp Upp Zhi Pro Fac Arm Res Res Qua Frg Turns Passed 21493 | 63 1552 318 1325 39 2549 114 91 517 794 3031 222 261 80 285 3501 407 1757 1167 395 3025 Spaces Moved 26011 | 34 637 174 598 23 748 229 95 557 1286 4346 625 706 153 614 4794 764 2358 1659 940 4671 Core 2 | 2 . . . . . . . . . . . . . . . . . . . . Treads 2217 | 32 637 174 598 23 748 5 . . . . . . . . . . . . . . Legs . | . . . . . . . . . . . . . . . . . . . . . Wheels . | . . . . . . . . . . . . . . . . . . . . . Hover . | . . . . . . . . . . . . . . . . . . . . . Flight 23792 | . . . . . . 224 95 557 1286 4346 625 706 153 614 4794 764 2358 1659 940 4671 Fastest Speed 20 | 50 160 160 160 160 160 24 24 24 24 20 29 29 29 27 26 28 32 21 25 25 Average Speed 39 | 153 160 160 160 160 160 26 24 25 26 27 29 29 29 28 27 29 32 24 25 28 Slowest Speed 160 | 160 160 160 160 160 160 160 24 27 27 98 29 29 29 29 108 35 33 97 25 32 Overloaded Moves . | . . . . . . . . . . . . . . . . . . . . . Propulsion Burnouts . | . . . . . . . . . . . . . . . . . . . . . Robots Hopped 91 | . . . . . . . . 4 4 20 2 . . . 12 1 4 7 1 36 Potential Cave-ins 13 | . . . . . . . . . . . . . . . 2 . . 2 2 7 Cave-ins Triggered . | . . . . . . . . . . . . . . . . . . . . . Exploration Rate (%) 58 | 3 96 44 53 12 53 5 25 98 89 81 87 80 61 74 73 46 58 44 89 57 Regions Visited 20 Branch Regions 12 Pre-discovered Areas 17 | . 1 . 1 . . . . 6 4 1 . . 3 1 . . . . . . Known Exits Taken 16 | . . 1 . 1 . 1 1 1 1 1 1 1 1 1 1 1 1 1 1 . Unknown Exits Taken 4 | 1 1 . 1 . 1 . . . . . . . . . . . . . . . Scrap Searched 13 | . . . . . . . . . 6 . 3 2 . 2 . . . . . . Spaces Dug 253 | . . . . . . 7 3 4 . 63 4 2 . 3 73 11 38 23 12 10 Terrain Destroyed 862 | . . . . . 112 7 3 4 . 72 4 2 . 5 104 18 46 31 15 439 Melee 170 | . . . . . . 7 3 4 . 62 4 2 . 3 36 . 17 14 9 9 Projectile 157 | . . . . . . . . . . 10 . . . 2 68 18 29 17 6 7 AOE 535 | . . . . . 112 . . . . . . . . . . . . . . 423 Terrain Rammed . | . . . . . . . . . . . . . . . . . . . . . Walls Destroyed . | . . . . . . . . . . . . . . . . . . . . . Machines Disabled . | . . . . . . . . . . . . . . . . . . . . . Actions | -11 -10 -10 -9 -9 -8 -7 -7 -7 -7 -5 -5 -5 -5 -4 -4 -4 -3 -2 -2 -2 --------- Run | Yrd Mat Min Mat Min Mat Fac Sto Rec Scr Fac Upp Upp Zhi Pro Fac Arm Res Res Qua Frg Total 35663 | 42 1040 207 882 25 1843 272 156 922 1714 5986 657 753 178 713 6690 919 3235 2346 1064 6019 Wait 7672 | . 304 14 178 3 871 12 53 365 398 1356 31 37 1 89 1503 111 709 575 72 990 Move 25820 | 33 636 173 597 22 747 228 94 548 1277 4307 620 705 152 613 4770 762 2349 1645 937 4605 Hop 80 | . . . . . . . . 4 4 18 2 . . . 11 . 4 6 1 30 Pick Up 120 | 1 15 2 15 . 14 5 1 . 4 12 . . 2 1 16 2 13 8 3 6 Fast Attach 140 | 7 5 2 4 . 8 1 1 . 2 16 . . 6 . 25 2 8 12 3 38 Attach 44 | . . . 2 . 5 6 . . . 3 . . . . 12 . 7 6 . 3 Detach 12 | 1 1 . . . . . . . 1 . . . . . 5 . 1 2 . 1 Swap 192 | . 6 5 10 . 25 2 . . 3 47 . 8 . 4 32 . 11 15 9 15 Drop 239 | . 8 7 24 . 33 8 1 . 7 26 . . 7 1 25 6 11 17 11 47 Fire 638 | . 65 4 52 . 139 . . . . 12 . 1 . 2 72 31 36 22 6 196 Melee 408 | . . . . . 1 10 6 5 18 104 4 2 10 3 103 5 47 31 21 38 Ram . | . . . . . . . . . . . . . . . . . . . . . Kick . | . . . . . . . . . . . . . . . . . . . . . Crush . | . . . . . . . . . . . . . . . . . . . . . Escape Stasis 18 | . . . . . . . . . . . . . . . . . . . . 18 Rewire . | . . . . . . . . . . . . . . . . . . . . . Trap 250 | . . . . . . . . . . 85 . . . . 116 . 39 7 1 2 Miscellaneous 30 | . . . . . . . . . . . . . . . . . . . . 30 Route ------- -11/Scrapyard -10/Materials (discovered 5 exits: *Mat x3 / [*Min] / Sub) -10/Mines (discovered 2 exits: *Mat x2) -9/Materials (discovered 4 exits: Mat x3 / [*Min]) -9/Mines -8/Materials -7/Factory -7/Storage (discovered 2 exits: Fac / *Rec) -7/Recycling (discovered 2 exits: *Fac / *Scr) -7/Scraptown (discovered 2 exits: *Fac x2) -5/Factory (discovered 8 exits: *Fac x4 / *Upp x2 / Ext x2) -5/Upper Caves -5/Upper Caves (discovered 2 exits: *Fac / *Zhi) -5/Zhirov -4/Proximity Caves -4/Factory (discovered 6 exits: *Res x3 / *Upp x2 / *Arm) -4/Armory (discovered 2 exits: *Res x2) -3/Research (discovered 3 exits: *Res / Tes x2) -2/Research (discovered 2 exits: *Qua x2) -2/Quarantine (discovered 3 exits: [*Acc] / [*Sec] / *Frg) -2/Protoforge History --------- Turn | Location | Event 6 | -11/Scrapyard | Discovered new exit (range 15) 64 | -11/Scrapyard | Entered Materials 301 | -10/Materials | Build established: Mutant 356 | -10/Materials | Discovered new exit (range 3) 405 | -10/Materials | Discovered new exit (range 15) 927 | -10/Materials | Repaired Particle Gun 1105 | -10/Materials | Discovered new exit (range 15) 1222 | -10/Materials | Learned 2 Storage zone layouts 1235 | -10/Materials | Build established: Scavenger-Mutant 1298 | -10/Materials | Learned Recycling recycling unit intel 1355 | -10/Materials | Discovered new exit (range 8) 1366 | -10/Materials | Learned Storage emergency access door positions 1469 | -10/Materials | Learned location of Subcaves (-10) 1528 | -10/Materials | Identified exit to Subcaves 1599 | -10/Materials | Learned location of 1 exit from Recycling 1616 | -10/Materials | Entered Mines 1617 | -10/Mines | Identified exit to Materials 1748 | -10/Mines | A weapon hastily lodged in a ceiling crevice suddenly fell to the ground 1783 | -10/Mines | Found a damaged Exp. Sensor Array with a note attached 1787 | -10/Mines | Found Prototype Device 1787 | -10/Mines | Identified Exp. Sensor Array 1934 | -10/Mines | Entered Materials 1934 | -9/Materials | Evolved 2 slots: Propulsion x1, Utility x1 1935 | -9/Materials | Identified exit to Materials 2452 | -9/Materials | Build established: Mutant 2818 | -9/Materials | Build established: Scavenger-Mutant 2833 | -9/Materials | Discovered new exit (range 7) 2901 | -9/Materials | Learned Storage terminal intel 2974 | -9/Materials | Learned location of Zion (-7) 3037 | -9/Materials | Learned location of 1 exit from Recycling 3133 | -9/Materials | Learned Storage emergency access door positions 3166 | -9/Materials | Learned 2 Storage zone layouts 3258 | -9/Materials | Learned 2 Storage zone layouts 3259 | -9/Materials | Entered Mines 3275 | -9/Mines | Discovered exit to Materials (range 9) 3298 | -9/Mines | Entered Materials 3298 | -8/Materials | Evolved 2 slots: Propulsion x1, Utility x1 3466 | -8/Materials | Garrison activated, responded to threat 4728 | -8/Materials | Discovered new exit (range 18) 5075 | -8/Materials | Build established: Mutant 5698 | -8/Materials | First assault squad dispatched 5847 | -8/Materials | Entered Factory 5847 | -7/Factory | Evolved 2 slots: Propulsion x1, Utility x1 5912 | -7/Factory | Discovered new exit (range 7) 5914 | -7/Factory | Identified exit to Storage 5961 | -7/Factory | Entered Storage 5962 | -7/Storage | Identified exit to Recycling 5962 | -7/Storage | Identified exit to Factory 5964 | -7/Storage | Loaded intel: 10 terminal locations 6046 | -7/Storage | Repaired Imp. VTOL Module 6052 | -7/Storage | Used back door to open Recycling access 6052 | -7/Storage | Entered Recycling 6053 | -7/Recycling | Identified exit to Factory 6053 | -7/Recycling | Identified exit to Scraptown 6054 | -7/Recycling | Loaded intel: 6 recycling unit locations 6238 | -7/Recycling | Build established: Scavenger-Scout 6259 | -7/Recycling | Learned Factory trap positions 6319 | -7/Recycling | Learned location of Lower Caves (-7) 6412 | -7/Recycling | Learned 2 Proximity Caves zone layouts 6488 | -7/Recycling | Learned 2 Proximity Caves zone layouts 6542 | -7/Recycling | Learned location of 1 exit from Extension 6562 | -7/Recycling | Scanned before Scraplab entrance 6566 | -7/Recycling | Entered Scraplab 6569 | -7/Recycling | Entered Scraptown 6594 | -7/Scraptown | Heard Great Nut preacher, LISTEN AND RECITE! 6609 | -7/Scraptown | Discovered exit to Factory (range 11) 6629 | -7/Scraptown | Visited SPCMW 6635 | -7/Scraptown | Visited The Evicted 6653 | -7/Scraptown | Visited Fellowship of the Rings 6655 | -7/Scraptown | Visited Symbiants 6659 | -7/Scraptown | Visited UFD Registry 6659 | -7/Scraptown | Registered with UFD as "Wavecase" 6663 | -7/Scraptown | Visited Shadow of the Wyrm 6667 | -7/Scraptown | Visited Assassins FH 6718 | -7/Scraptown | Visited Botcube Research 6722 | -7/Scraptown | Visited DA-N13 Charitable Foundation 6727 | -7/Scraptown | Found DCF Scrap (26 items) 6740 | -7/Scraptown | Visited Curators Association 6776 | -7/Scraptown | Visited Derelict Rescue Squad 6780 | -7/Scraptown | Visited Scrap Suit Storage 6786 | -7/Scraptown | Visited Cartography Club 6800 | -7/Scraptown | Learned location of Storage (-7) 6800 | -7/Scraptown | Learned location of Warlord (-4) 6800 | -7/Scraptown | Learned 12 Materials zone layouts 6800 | -7/Scraptown | Learned 16 Materials zone layouts 6800 | -7/Scraptown | Learned 8 Access zone layouts 6800 | -7/Scraptown | Learned 8 Research zone layouts 6800 | -7/Scraptown | Learned 16 Research zone layouts 6800 | -7/Scraptown | Learned location of Quarantine (-2) 6800 | -7/Scraptown | Learned 16 Lower Caves zone layouts 6800 | -7/Scraptown | Learned location of 1 exit from Factory 6800 | -7/Scraptown | Learned 12 Upper Caves zone layouts 6800 | -7/Scraptown | Learned 12 Proximity Caves zone layouts 6800 | -7/Scraptown | Learned 16 Proximity Caves zone layouts 6800 | -7/Scraptown | Learned Storage emergency access door positions 6800 | -7/Scraptown | Learned location of 1 exit from Upper Caves 6806 | -7/Scraptown | Found Deep Structural Scanner 6816 | -7/Scraptown | Visited Research Penetration Think Tank 6823 | -7/Scraptown | Visited Observation Area 6834 | -7/Scraptown | Visited Sword Containment 6881 | -7/Scraptown | Met Optimus 6881 | -7/Scraptown | Accepted into 0bPrime 6908 | -7/Scraptown | Build established: Scout 7217 | -7/Scraptown | Build established: Sprinter 7281 | -7/Scraptown | Civil war broke out across Scraptown 7345 | -7/Scraptown | Found DM-GVY's Chainsaw 7363 | -7/Scraptown | Entered Factory 7363 | -5/Factory | Evolved 4 slots: Power x1, Propulsion x1, Utility x2 7364 | -5/Factory | Identified exit to Factory 7365 | -5/Factory | Identified exit to Extension 7366 | -5/Factory | Loaded intel: 94 trap records 7373 | -5/Factory | Lost 11 allies 7662 | -5/Factory | Tech Extrapolator generated special schematic: Deep Structural Scanner 7677 | -5/Factory | Repaired Imp. Flight Unit 7738 | -5/Factory | Repaired Imp. VTOL Module 7771 | -5/Factory | Repaired VTOL Module 8053 | -5/Factory | Build established: Hacker-Scout 8061 | -5/Factory | Spotted B-75 Beast 8063 | -5/Factory | Discovered new exit (range 6) 8064 | -5/Factory | Identified exit to Upper Caves 8783 | -5/Factory | Tech Extrapolator generated special schematic: Machine Rigger 9123 | -5/Factory | Loaded intel: 8 recycling unit locations 9138 | -5/Factory | Learned location of Protoforge (-2) 9360 | -5/Factory | Tech Extrapolator generated special schematic: Vmp. Brace Plating 10394 | -5/Factory | Entered Upper Caves 10395 | -5/Upper Caves | Identified exit to Upper Caves 10436 | -5/Upper Caves | Learned Factory security intel 10549 | -5/Upper Caves | Learned location of 1 exit from Factory 10577 | -5/Upper Caves | Learned 4 Factory zone layouts 10605 | -5/Upper Caves | Tech Extrapolator generated special schematic: Vmp. Broadsword 10616 | -5/Upper Caves | Entered another Upper Caves area 10684 | -5/Upper Caves | Discovered exit to Factory (range 18) 10768 | -5/Upper Caves | Tech Extrapolator generated special schematic: Vmp. Humpback 10818 | -5/Upper Caves | Discovered new exit (range 20) 10847 | -5/Upper Caves | Learned Factory trap positions 10847 | -5/Upper Caves | Learned Factory emergency access door positions 10847 | -5/Upper Caves | Learned Extension security intel 10849 | -5/Upper Caves | Identified exit to Zhirov 10877 | -5/Upper Caves | Entered Zhirov 10877 | -5/Zhirov | Discovered new exit (range 3) 10883 | -5/Zhirov | Met Zhirov 10889 | -5/Zhirov | Learned location of Testing (-3) 10891 | -5/Zhirov | Zhirov requested help retrieving the SGEMP Prototype 10895 | -5/Zhirov | Found Alien Artifact 10895 | -5/Zhirov | Identified Integrated Dissipator 10895 | -5/Zhirov | Installed Integrated Dissipator, increased core heat dissipation (+20) 10955 | -5/Zhirov | Identified exit to Proximity Caves 10957 | -5/Zhirov | Entered Proximity Caves 11075 | -4/Proximity Caves | Attracted the attention of an 0b10 base 11191 | -4/Proximity Caves | Tech Extrapolator generated special schematic: Energy Deflector 11242 | -4/Proximity Caves | Entered Factory 11242 | -4/Factory | Evolved 2 slots: Utility x2 11243 | -4/Factory | Identified exit to Research 11243 | -4/Factory | Identified exit to Armory 11244 | -4/Factory | Identified exit to Upper Caves 11246 | -4/Factory | Loaded intel: 96 trap records 11358 | -4/Factory | Loaded intel: 8 recycling unit locations 11430 | -4/Factory | Discovered exit to Research (range 23) 11603 | -4/Factory | Found Gamma Bomb Array 11694 | -4/Factory | Lost 3 parts (1p2u) 11932 | -4/Factory | Repaired Broken Cld. Cesium-ion Thruster 12247 | -4/Factory | Fabricated Vmp. Broadsword? 12803 | -4/Factory | Repaired Power Sword 13617 | -4/Factory | Repaired Adv. Plasma Cannon 13674 | -4/Factory | Repaired Mic. Fission Core 13684 | -4/Factory | Discovered exit to Research (range 22) 13786 | -4/Factory | Repaired Field Propulsion Array 13965 | -4/Factory | Fabricated Vmp. Brace Plating (x1) 14743 | -4/Factory | Entered Armory 14787 | -4/Armory | Tech Extrapolator generated special schematic: Vmp. Heavy Siege Treads 15048 | -4/Armory | Discovered exit to Research (range 20) 15073 | -4/Armory | Local machine network offline 15133 | -4/Armory | Spotted B-86 Titan 15134 | -4/Armory | Discovered exit to Research (range 18) 15150 | -4/Armory | Entered Research 15150 | -3/Research | Evolved 2 slots: Propulsion x1, Utility x1 15151 | -3/Research | Identified exit to Testing 15167 | -3/Research | Lost 4 allies 15180 | -3/Research | Lost 7 parts (1p1n3u2w) 15330 | -3/Research | Loaded intel: 5 recycling unit locations 15444 | -3/Research | Spotted B-86 Titan 15453 | -3/Research | Build established: Trapper-Ninja 15944 | -3/Research | Tech Extrapolator generated special schematic: Wartreads 16005 | -3/Research | Build established: Scavenger-Ninja 16067 | -3/Research | Spotted B-86 Titan 16068 | -3/Research | System corruption reached 10% 16636 | -3/Research | Build established: Hacker-Ninja 16732 | -3/Research | Discovered new exit (range 6) 16735 | -3/Research | Identified exit to Research 16907 | -3/Research | Entered another Research area 16907 | -2/Research | Evolved 2 slots: Utility x2 17123 | -2/Research | Fabricated Vmp. Heavy Siege Treads? 17865 | -2/Research | Spotted B-90 Cyclops 17880 | -2/Research | Identified exit to Quarantine 17941 | -2/Research | Loaded intel: 5 recycling unit locations 18046 | -2/Research | Lost 3 parts (1n2u) 18068 | -2/Research | Spotted B-90 Cyclops 18074 | -2/Research | Entered Quarantine 18086 | -2/Quarantine | Spotted Alpha 7 18239 | -2/Quarantine | Cryocooling Duct disabled 18254 | -2/Quarantine | Ambient heat levels rising (+20) 18254 | -2/Quarantine | Non-combat units ordered to evacuate 18384 | -2/Quarantine | Discovered new exit (range 8) 18423 | -2/Quarantine | Spotted Fortress 18441 | -2/Quarantine | Discovered new exit (range 5) 18441 | -2/Quarantine | Discovered new exit (range 6) 18442 | -2/Quarantine | Identified exit to Protoforge 18469 | -2/Quarantine | Entered Protoforge 18539 | -2/Protoforge | Spotted Hotshot 18598 | -2/Protoforge | Spotted Hotshot 18599 | -2/Protoforge | Superfortress began startup sequence 18621 | -2/Protoforge | Spotted Hotshot 18656 | -2/Protoforge | Spotted Hotshot 18706 | -2/Protoforge | Spotted Hotshot 18706 | -2/Protoforge | Spotted Hotshot 18731 | -2/Protoforge | Spotted Hotshot 18731 | -2/Protoforge | Spotted Hotshot 18869 | -2/Protoforge | Found Prototype Slashing Weapon 18869 | -2/Protoforge | Identified Exp. Terror Saw 18918 | -2/Protoforge | Fabricated Mni. Smartbomb Launcher (x1) 18983 | -2/Protoforge | Fabricated Exp. Optical Array (x1) 18988 | -2/Protoforge | Spotted EXE-6 18988 | -2/Protoforge | Spotted EXE-6 19002 | -2/Protoforge | UFD initiated attack on Protoforge 19002 | -2/Protoforge | Loaded intel: 3 recycling unit locations 19038 | -2/Protoforge | Optimus greeted in Protoforge 19100 | -2/Protoforge | Found Prototype Device 19100 | -2/Protoforge | Identified Exp. Kinecellerator 19114 | -2/Protoforge | Found UFD Drillbomb 19131 | -2/Protoforge | Found Prototype Processor 19131 | -2/Protoforge | Identified Exp. Core Analyzer 19134 | -2/Protoforge | Found Prototype Ballistic Gun 19134 | -2/Protoforge | Identified Cep. XC Strikerail 19161 | -2/Protoforge | Spotted AP7-3 19184 | -2/Protoforge | Spotted AP7-3 19210 | -2/Protoforge | Spotted Striker 19211 | -2/Protoforge | Spotted Striker 19232 | -2/Protoforge | Lost 12 allies 19238 | -2/Protoforge | Spotted Striker 19238 | -2/Protoforge | Spotted Striker 19274 | -2/Protoforge | Forge Plexus network access discovered 19283 | -2/Protoforge | Spotted 02F03-K 19335 | -2/Protoforge | Lost 4 allies 19337 | -2/Protoforge | Spotted Executioner 19351 | -2/Protoforge | Installed UFD Drillbomb at designated target 19351 | -2/Protoforge | UFD reported confirmed Drillbomb installation 19354 | -2/Protoforge | Spotted Overlord 19354 | -2/Protoforge | Spotted Executioner 19357 | -2/Protoforge | Found UFD Drillbomb 19376 | -2/Protoforge | Destroyed Executioner 19381 | -2/Protoforge | Found Exp. Targeting Computer 19404 | -2/Protoforge | Found Exp. EM Shield 19441 | -2/Protoforge | Lost 7 allies 19455 | -2/Protoforge | Installed UFD Drillbomb at designated target 19455 | -2/Protoforge | UFD reported confirmed Drillbomb installation 19477 | -2/Protoforge | Found UFD Drillbomb 19482 | -2/Protoforge | Spotted Striker 19493 | -2/Protoforge | Spotted Striker 19493 | -2/Protoforge | Spotted Striker 19494 | -2/Protoforge | Spotted Striker 19559 | -2/Protoforge | Spotted Executioner 19563 | -2/Protoforge | Spotted Executioner 19579 | -2/Protoforge | Spotted B-90 Cyclops 19593 | -2/Protoforge | Spotted Striker 19596 | -2/Protoforge | Lost 11 allies 19596 | -2/Protoforge | Spotted Striker 19597 | -2/Protoforge | Spotted Hotshot 19597 | -2/Protoforge | Spotted Hotshot 19597 | -2/Protoforge | Spotted Hotshot 19662 | -2/Protoforge | Lost 6 allies 19668 | -2/Protoforge | Spotted Executioner 19676 | -2/Protoforge | Build established: Scavenger-Ninja 19685 | -2/Protoforge | Spotted Executioner 19691 | -2/Protoforge | Spotted Executioner 19691 | -2/Protoforge | Spotted Striker 19692 | -2/Protoforge | Spotted Executioner 19692 | -2/Protoforge | Spotted Striker 19697 | -2/Protoforge | Spotted Executioner 19714 | -2/Protoforge | Destroyed Executioner 19716 | -2/Protoforge | Spotted Executioner 19722 | -2/Protoforge | Spotted Hotshot 19729 | -2/Protoforge | Destroyed Hotshot 19747 | -2/Protoforge | Spotted Hotshot 19763 | -2/Protoforge | Lost 12 allies 19795 | -2/Protoforge | Destroyed Executioner 19800 | -2/Protoforge | Destroyed Executioner 19822 | -2/Protoforge | Spotted Executioner 19822 | -2/Protoforge | Spotted Striker 19843 | -2/Protoforge | Spotted Striker 19843 | -2/Protoforge | Destroyed Executioner 19848 | -2/Protoforge | Spotted Executioner 19864 | -2/Protoforge | Destroyed 14 combat bots 19869 | -2/Protoforge | Spotted Executioner 19887 | -2/Protoforge | Lost 7 allies 19908 | -2/Protoforge | Spotted Hotshot 19919 | -2/Protoforge | Found UFD Drillbomb 19925 | -2/Protoforge | Spotted Executioner 19925 | -2/Protoforge | Spotted Executioner 19927 | -2/Protoforge | Spotted Striker 19937 | -2/Protoforge | Spotted Striker 19941 | -2/Protoforge | Spotted Striker 19987 | -2/Protoforge | Lost 8 allies 20027 | -2/Protoforge | Lost 4 allies 20090 | -2/Protoforge | Destroyed 8 combat bots 20090 | -2/Protoforge | Spotted Striker 20092 | -2/Protoforge | Spotted Executioner 20117 | -2/Protoforge | Spotted Executioner 20135 | -2/Protoforge | Spotted Executioner 20163 | -2/Protoforge | Lost 3 allies 20166 | -2/Protoforge | Spotted Hotshot 20170 | -2/Protoforge | Spotted Hotshot 20180 | -2/Protoforge | Spotted Striker 20182 | -2/Protoforge | Spotted Striker 20222 | -2/Protoforge | Spotted Hotshot 20222 | -2/Protoforge | Spotted Hotshot 20226 | -2/Protoforge | Destroyed Hotshot 20226 | -2/Protoforge | Destroyed Hotshot 20228 | -2/Protoforge | Destroyed Hotshot 20244 | -2/Protoforge | Spotted Striker 20244 | -2/Protoforge | Spotted Executioner 20249 | -2/Protoforge | Destroyed 7 combat bots 20257 | -2/Protoforge | Lost 12 allies 20263 | -2/Protoforge | P-80 Master assimilated allied 02F75-D 20331 | -2/Protoforge | Spotted Executioner 20336 | -2/Protoforge | Spotted Executioner 20366 | -2/Protoforge | Destroyed Executioner 20384 | -2/Protoforge | Spotted Striker 20389 | -2/Protoforge | Lost 8 allies 20400 | -2/Protoforge | Spotted Hotshot 20421 | -2/Protoforge | Spotted Striker 20426 | -2/Protoforge | Spotted Executioner 20433 | -2/Protoforge | P-80 Master assimilated allied 02F87-D 20436 | -2/Protoforge | P-80 Master assimilated allied 02F88-D 20439 | -2/Protoforge | Spotted Executioner 20449 | -2/Protoforge | Destroyed Executioner 20484 | -2/Protoforge | Lost 9 allies 20484 | -2/Protoforge | Spotted Executioner 20504 | -2/Protoforge | P-80 Master assimilated allied 02F31-D 20547 | -2/Protoforge | Lost 3 allies 20564 | -2/Protoforge | Spotted Striker 20574 | -2/Protoforge | Spotted Striker 20602 | -2/Protoforge | Destroyed Hotshot 20621 | -2/Protoforge | Spotted Immortal 20625 | -2/Protoforge | Spotted Immortal 20648 | -2/Protoforge | Spotted Executioner 20675 | -2/Protoforge | Installed UFD Drillbomb at designated target 20675 | -2/Protoforge | UFD reported confirmed Drillbomb installation 20692 | -2/Protoforge | Spotted Executioner 20693 | -2/Protoforge | Spotted Executioner 20697 | -2/Protoforge | Found UFD Drillbomb 20725 | -2/Protoforge | Spotted Executioner 20759 | -2/Protoforge | Lost 8 allies 20760 | -2/Protoforge | Found Exp. Jetlance 20764 | -2/Protoforge | Found Exp. Cloaking Device 20766 | -2/Protoforge | Spotted Striker 20775 | -2/Protoforge | Destroyed Striker 20783 | -2/Protoforge | Spotted Executioner 20790 | -2/Protoforge | Spotted Striker 20806 | -2/Protoforge | Destroyed Striker 20821 | -2/Protoforge | Destroyed Executioner 20842 | -2/Protoforge | Destroyed 8 combat bots 20868 | -2/Protoforge | Lost 8 allies 20882 | -2/Protoforge | Spotted Executioner 20883 | -2/Protoforge | Spotted Striker 20910 | -2/Protoforge | Spotted Striker 20930 | -2/Protoforge | Spotted Striker 20971 | -2/Protoforge | Spotted Striker 20972 | -2/Protoforge | Spotted Decapitator 20991 | -2/Protoforge | Spotted Executioner 21007 | -2/Protoforge | Spotted Striker 21039 | -2/Protoforge | Destroyed Striker 21043 | -2/Protoforge | Destroyed Striker 21053 | -2/Protoforge | Lost 13 allies 21059 | -2/Protoforge | Spotted Striker 21078 | -2/Protoforge | Spotted Executioner 21105 | -2/Protoforge | Spotted Executioner 21151 | -2/Protoforge | Spotted Executioner 21174 | -2/Protoforge | P-80 Master assimilated allied 02FBB-D 21188 | -2/Protoforge | P-80 Master assimilated allied 02FBG-D 21189 | -2/Protoforge | Spotted Striker 21197 | -2/Protoforge | Spotted Striker 21237 | -2/Protoforge | Lost 8 allies 21264 | -2/Protoforge | Spotted Executioner 21286 | -2/Protoforge | Spotted Striker 21288 | -2/Protoforge | Spotted Executioner 21325 | -2/Protoforge | Destroyed Executioner 21339 | -2/Protoforge | Spotted Executioner 21355 | -2/Protoforge | Lost 10 allies 21448 | -2/Protoforge | Spotted EXE-6 21458 | -2/Protoforge | Spotted Decapitator 21460 | -2/Protoforge | Spotted Decapitator 21460 | -2/Protoforge | Destroyed Decapitator 21465 | -2/Protoforge | Destroyed Decapitator 21476 | -2/Protoforge | Spotted Striker 21478 | -2/Protoforge | Spotted Striker 21479 | -2/Protoforge | Spotted Hotshot 21480 | -2/Protoforge | Spotted Hotshot 21494 | -2/Protoforge | Self-destructed Last Messages --------------- 21474_ Slug penetrates 02FCA-D. 21474_ N-04 Retriever collects Mic. Antimatter Reactor. 21475_ 02FBY-D suffers critical hit (Blast). 21478_ Slug penetrates Striker. 21479_ 02FBY-D destroyed. 21481_ Slug penetrates Wall. 21481_ Slug penetrates Striker. 21482_ Knocked back. 21483_ R9-AHG(E) destroyed. 21484_ Acquired 6 matter. 21486_ Acquired 19 matter. 21487_ Lugger 487 suffers critical hit (Destroy). 21487_ Lugger 487 destroyed. 21487_ N-04 Retriever collects Exp. Surge Thruster. 21488_ Slug penetrates Metamorphosis Tank. 21488_ Slug penetrates Wall. 21488_ 02FCC-D destroyed. 21489_ N-04 Retriever collects Mic. Antimatter Reactor. 21490_ N-04 Retriever collects Exp. Terror Saw. 21491_ The unstable cave ceiling collapses. Map ----- +----------------------------------------------------+ | ??????????????#################################### | | ######????????#################################### | | ########??????## | | ## ####??????## "" "" " | | ###????### """" " "" "" | | # ########## "" " "" """ "" "" | | ########## # """ """" """ " """ " | | # ### ### # " " "" | | % # # " """ " | | # ## "" " " " | | % # # " " " % | | # #= # " % " """ " | | %% # " % " """ """ | | %%=* # % """ | | =%!! # # "% """ " | | [ = # #% %""" " " " " | | % %%% % " " | | % %% % %%%% % n" " " " " | | % % %%&%% """"" % "" nn % | | %#%%& % " %%% """""""" | | #%% % % % % % """"""""""" | | #%%% % """""""""""" | | ! # %&%% " """"""""""""" | | %# %# % % % """""""""""""" | | #!% "="# % %%% % % """"""""""""""" | | % & !! ## %%% @ "" """""""""""""""" | | # !* " ## % % % "% """"""""""""""""" | | =%|" ## " """"""""""""""""" | | =# [!" ## [ %%%" """"""""""""""""" | | # %/ "*! ## *% %& % " """""""""""""""""" | | & & "!%= ## %% n" """""""""""""""""" | | %* % " "[" ## %& %% """""""""""""""""" | | = % ## & %%% """""""""""""""""" | | "# %%%%% """""""""""""""""" | | "#""#+#"#"# " %% % """""""""""""""""" | | =% " = * ## " % %% % """""""""""""""""" | | [ " ""!= ## "" %% "%%%"""""""""""""""""" | | # """ ## "" %" """""""""""""""""" | | " "" ## "% % """"""""""""""""" | | #" # ## % % """"""""""""""""" | | ### ## """ ## """"""" %"" """"""""""""""""" | | ## ### """ ## """ " " %n"""""""""""""""" | | ?##### """ ## " " """"""""""""""" | | ????## ## "" %% """""""""""""" | | ????############ "" " % """"""""""""" | | ????############ "" "" =* %"""""""""""" | | ??????????????## " """ =*%!% %""""""""""" | | ??????????????## " " [![%% % """""""" | | ??????????????## " ""[&!=[!% % | | ??????????????## " " """ "" *[!!!!! % | +----------------------------------------------------+ Best States ------------- Heat Dissipation 69 Energy Generation 43 Energy Capacity 350 Matter Stores 300 Matter Capacity 300 Sight Range 23 Robot Scan Range 20 Terrain Scan Density 10 Cloak Strength 4 Armor Coverage 600 Propulsion Shielding 90 Phase Shifting 10 Evasion (%) 77 Targeting Accuracy 12 Core Analysis 8 Armor Integrity Analysis 40 Recoil Reduction 4 Offensive Hacking 34 Defensive Hacking 14 Authchip Count 1 Trap Extractor Capacity 8 Item Schematics ----------------- Coil Gun | -7/Recycling | Hacked Spk. Medium Treads | -5/Factory | Extrapolated Mak. Leg | -5/Factory | Extrapolated Mak. Power Source | -5/Factory | Extrapolated Mak. Coolant Network | -5/Factory | Extrapolated Deep Structural Scanner | -5/Factory | Extrapolated Mak. Terrain Scanner | -5/Factory | Extrapolated 0b10 Decoder Chip [Generic] | -5/Factory | Extrapolated 0b10 Decoder Chip [Scout] | -5/Factory | Extrapolated 0b10 Decoder Chip [Skirmisher] | -5/Factory | Extrapolated Mak. Targeting Computer | -5/Factory | Extrapolated Mak. Kinetic Plating | -5/Factory | Extrapolated Mak. Sensor Array | -5/Factory | Extrapolated Mak. Medium Armor Plating | -5/Factory | Extrapolated Mak. Transmission Jammer | -5/Factory | Extrapolated Mak. ECM Suite | -5/Factory | Extrapolated Mak. Thermal Plating | -5/Factory | Extrapolated Mak. Ablative Armor | -5/Factory | Extrapolated Mak. System Shield | -5/Factory | Extrapolated Mak. System Restoration Module | -5/Factory | Extrapolated Mapping Drone Bay | -5/Factory | Extrapolated Machine Rigger | -5/Factory | Extrapolated Multitool | -5/Factory | Extrapolated Mak. Axe | -5/Factory | Extrapolated Mak. Spear | -5/Factory | Extrapolated Great Axe | -5/Factory | Hacked Mak. Utility Shielding | -5/Factory | Extrapolated Greatsword | -5/Factory | Hacked Vmp. Brace Plating | -5/Factory | Extrapolated Mak. Hacking Suite | -5/Factory | Extrapolated Slug Cannon | -5/Factory | Extrapolated Bore Cannon | -5/Factory | Extrapolated Vmp. Broadsword | -5/Upper Caves | Extrapolated Lgt. Humpback | -5/Upper Caves | Extrapolated Vmp. Humpback | -5/Upper Caves | Extrapolated Mak. Salvage Targeting Computer | -5/Upper Caves | Extrapolated Exp. Heat Sink | -5/Zhirov | Free Assault Drone Bay | -5/Zhirov | Free Exp. Optical Array | -5/Zhirov | Free Imp. Arc Thrower | -5/Zhirov | Free Spk. Heavy Treads | -5/Zhirov | Extrapolated Mak. Core Shielding | -4/Proximity Caves | Extrapolated Mak. Heavy Armor Plating | -4/Proximity Caves | Extrapolated Energy Deflector | -4/Proximity Caves | Extrapolated Hvy. Beamcaster | -4/Factory | Extrapolated Tactical Coordination Suite | -4/Factory | Extrapolated Mak. Shrapnel Gun | -4/Factory | Extrapolated Mak. Propulsion Shielding | -4/Factory | Extrapolated Ripper | -4/Factory | Extrapolated Vmp. Heavy Siege Treads | -4/Armory | Extrapolated Mak. Hammer | -3/Research | Extrapolated Adv. Hacking Suite | -3/Research | Hacked Mak. Terrain Scan Processor | -3/Research | Extrapolated Wartreads | -3/Research | Extrapolated Mak. Cloaking Device | -3/Research | Extrapolated Mak. Trap Scanner | -3/Research | Extrapolated Mni. Smartbomb Launcher | -2/Quarantine | Hacked Robot Schematics ------------------ None Fabricated ------------ Vmp. Broadsword | x1 | -4/Factory Vmp. Brace Plating | x1 | -4/Factory Vmp. Heavy Siege Treads | x1 | -2/Research Mni. Smartbomb Launcher | x1 | -2/Protoforge | Authchip Exp. Optical Array | x1 | -2/Protoforge Repaired ---------- Particle Gun | 37% | -10/Materials Imp. VTOL Module | 2% | -7/Storage Imp. Flight Unit | 47% | -5/Factory Imp. VTOL Module | 56% | -5/Factory VTOL Module | 60% | -5/Factory Cld. Cesium-ion Thruster | 99% | -4/Factory | Broken Power Sword | 28% | -4/Factory Adv. Plasma Cannon | 23% | -4/Factory Mic. Fission Core | 30% | -4/Factory Field Propulsion Array | 43% | -4/Factory Alien Tech Used ----------------- Integrated Dissipator Achievements -------------- Minesweeper Challenges ------------ None Game ------ Seed BombRocketArmor Manual? 1 Play Time 04:22:33 Cumulative 1547.5 hours Start 2025.06.10 @ 22:22:07 End 2025.06.11 @ 17:36:02 Sessions 3 Manual Loads 0 Difficulty Rogue Special Mode None Game No. 1096 Rogue 1056 Adventurer 40 Explorer 0 Win Type - Total 195 Types 83/10/74/2/1/4/16/2/1/2 Lore% 96 Gallery% 97 Achievement% 88 Wizard Run 0 Options --------- Layout 0 ASCII 0 Keyboard 0 Movement Numpad Keybinds 0 Fullscreen 0 Font 20/Terminus Map View 76x50 Zoom Use 0% Tactical HUD 1 Map Filters NONE Filters NONE Steam 1 RUN: 91fe378e-f00d-4fc3-8e6f-cbc77bb54791